%YAML 1.1
%TAG !u! tag:unity3d.com,2011:
--- !u!1 &8923386297294041608
GameObject:
  m_ObjectHideFlags: 0
  m_CorrespondingSourceObject: {fileID: 0}
  m_PrefabInstance: {fileID: 0}
  m_PrefabAsset: {fileID: 0}
  serializedVersion: 6
  m_Component:
  - component: {fileID: 8923386297294041611}
  - component: {fileID: 8923386297294041610}
  - component: {fileID: 2109921106}
  - component: {fileID: 1321430358}
  - component: {fileID: 7341879948055364233}
  - component: {fileID: 1321430359}
  m_Layer: 0
  m_Name: LevelSpawner
  m_TagString: Untagged
  m_Icon: {fileID: 0}
  m_NavMeshLayer: 0
  m_StaticEditorFlags: 0
  m_IsActive: 1
--- !u!4 &8923386297294041611
Transform:
  m_ObjectHideFlags: 0
  m_CorrespondingSourceObject: {fileID: 0}
  m_PrefabInstance: {fileID: 0}
  m_PrefabAsset: {fileID: 0}
  m_GameObject: {fileID: 8923386297294041608}
  m_LocalRotation: {x: 0, y: 0, z: 0, w: 1}
  m_LocalPosition: {x: 0, y: 0, z: 0}
  m_LocalScale: {x: 1, y: 1, z: 1}
  m_Children: []
  m_Father: {fileID: 0}
  m_RootOrder: 0
  m_LocalEulerAnglesHint: {x: 0, y: 0, z: 0}
--- !u!114 &8923386297294041610
MonoBehaviour:
  m_ObjectHideFlags: 0
  m_CorrespondingSourceObject: {fileID: 0}
  m_PrefabInstance: {fileID: 0}
  m_PrefabAsset: {fileID: 0}
  m_GameObject: {fileID: 8923386297294041608}
  m_Enabled: 1
  m_EditorHideFlags: 0
  m_Script: {fileID: 11500000, guid: d05e67595ec9e6a42b566869eeeb0b50, type: 3}
  m_Name: 
  m_EditorClassIdentifier: 
  distancia: 0.6
  temps: 0
  posicioX: 0
  ampladaPlataformaActual: 0
--- !u!114 &2109921106
MonoBehaviour:
  m_ObjectHideFlags: 0
  m_CorrespondingSourceObject: {fileID: 0}
  m_PrefabInstance: {fileID: 0}
  m_PrefabAsset: {fileID: 0}
  m_GameObject: {fileID: 8923386297294041608}
  m_Enabled: 1
  m_EditorHideFlags: 0
  m_Script: {fileID: 11500000, guid: 16aa7455acb420240a13ef35d49670cd, type: 3}
  m_Name: 
  m_EditorClassIdentifier: 
  distancia: 0.6
--- !u!114 &1321430358
MonoBehaviour:
  m_ObjectHideFlags: 0
  m_CorrespondingSourceObject: {fileID: 0}
  m_PrefabInstance: {fileID: 0}
  m_PrefabAsset: {fileID: 0}
  m_GameObject: {fileID: 8923386297294041608}
  m_Enabled: 1
  m_EditorHideFlags: 0
  m_Script: {fileID: 11500000, guid: a8218c2627ab53543ba2afb3dc85a300, type: 3}
  m_Name: 
  m_EditorClassIdentifier: 
  distancia: 0.6
--- !u!114 &7341879948055364233
MonoBehaviour:
  m_ObjectHideFlags: 0
  m_CorrespondingSourceObject: {fileID: 0}
  m_PrefabInstance: {fileID: 0}
  m_PrefabAsset: {fileID: 0}
  m_GameObject: {fileID: 8923386297294041608}
  m_Enabled: 1
  m_EditorHideFlags: 0
  m_Script: {fileID: 11500000, guid: a8218c2627ab53543ba2afb3dc85a300, type: 3}
  m_Name: 
  m_EditorClassIdentifier: 
  distancia: 0.6
--- !u!114 &1321430359
MonoBehaviour:
  m_ObjectHideFlags: 0
  m_CorrespondingSourceObject: {fileID: 0}
  m_PrefabInstance: {fileID: 0}
  m_PrefabAsset: {fileID: 0}
  m_GameObject: {fileID: 8923386297294041608}
  m_Enabled: 1
  m_EditorHideFlags: 0
  m_Script: {fileID: 11500000, guid: 4e05ff85074495e4db7fa0c545732456, type: 3}
  m_Name: 
  m_EditorClassIdentifier: 
  PrefabBoss: {fileID: 9132145433076859384, guid: f92e3e23c76bd6c4da367369f5f40c7e,
    type: 3}
  PortalPrefab: {fileID: 5222337804688647983, guid: 68e8dbe443d29264182675d7ce5ba6b0,
    type: 3}
  healthBarUI: {fileID: 0}
  MetresAparicio: 1000
